PBL
SOUTHERN MARYLAND BLUE CRABS @ CANTON INDIANS
06/29/2049
 
TOP OF THE 1ST
Southern Maryland Blue Crabs batting - Pitching for Canton Indians : RHP Raul Rogel
Pitching: RHP Raul Rogel
Batting: RHB Eddie Morin 0-0: Ball
1-0: Ball
2-0: Ball
3-0: Base on Balls
Batting: RHB Oscar Chapa 0-0: Ball
Eddie Morin is caught stealing 2nd base 2-4
1-0: Called Strike
1-1: Foul Ball, location: 2F
1-2: Ball
2-2: Hit by Pitch
Batting: RHB Imbart van Rens 0-0: Ball
1-0: Ball
2-0: Foul Ball, location: 2F
2-1: Ball
3-1: DOUBLE (Flyball, 7LD, EV 103.1 MPH)
Oscar Chapa to third
Batting: RHB Dou-wan Pan 0-0: Ball
1-0: Ball
2-0: Foul Ball, location: 2F
2-1: Ball
3-1: Called Strike
3-2: Foul Ball, location: 2F
3-2: Strikes out swinging
Pitching: RHP Tommy Lane
Batting: RHB Josh Kurth 0-0: Ball
1-0: Called Strike
1-1: Fly out, F7 (Line Drive, 7LM, EV 104.4 MPH)
Top of the 1st over - 0 runs, 1 hit, 0 errors, 2 left on base; Southern Maryland 0 - Canton 0
BOTTOM OF THE 1ST
Canton Indians batting - Pitching for Southern Maryland Blue Crabs : RHP John Poapst
Pitching: RHP John Poapst
Batting: RHB Nick Rainey 0-0: Called Strike
0-1: Ball
1-1: Swinging Strike
1-2: Strikes out swinging
Batting: RHB Oscar Hernandez 0-0: Ball
1-0: Swinging Strike
1-1: Called Strike
1-2: Foul Ball, location: 2F
1-2: Ball
2-2: Fly out, F7 (Flyball, 7, EV 93.8 MPH)
Batting: RHB Rob Marti 0-0: SOLO HOME RUN (Flyball, 9D, EV 97.5 MPH), Distance : 377 ft
Batting: LHB Jason Kessler 0-0: Reached on error, E6 (Groundball, 6MD, EV 101.9 MPH)
Batting: RHB David Haas 0-0: SINGLE (Groundball, 6MD, EV 102.5 MPH)
Jason Kessler to second
Batting: RHB Ryan Paquette 0-0: SINGLE (Groundball, 56D, EV 101.2 MPH)
Jason Kessler to third
David Haas to second
Runner from 3rd tries for Home, SAFE, throw by LF to home
Batting: RHB Giuliano Giacoletti Jr. 0-0: Ball
1-0: Fly out, F3 (Popup, 3SF, EV 80.6 MPH)
Bottom of the 1st over - 2 runs, 3 hits, 1 error, 2 left on base; Southern Maryland 0 - Canton 2
TOP OF THE 2ND
Southern Maryland Blue Crabs batting - Pitching for Canton Indians : RHP Tommy Lane
Batting: RHB Hsui-chen Yang 0-0: Called Strike
0-1: Called Strike
0-2: Strikes out looking
Batting: RHB Josh Ludwig 0-0: Ball
1-0: Foul Ball, location: 2F
1-1: Foul Ball, location: 2F
1-2: Ball
2-2: Strikes out swinging
Batting: RHB John Lowe 0-0: Called Strike
0-1: Swinging Strike
0-2: Ball
1-2: Fly out, F8 (Line Drive, 8RM, EV 90.0 MPH)
Top of the 2nd over - 0 runs, 0 hits, 0 errors, 0 left on base; Southern Maryland 0 - Canton 2
BOTTOM OF THE 2ND
Canton Indians batting - Pitching for Southern Maryland Blue Crabs : RHP John Poapst
Batting: RHB Jesus Sanchez 0-0: Called Strike
0-1: Ball
1-1: Ball
2-1: Ball
3-1: Base on Balls
Batting: SHB Jose Abreu 0-0: Ball
1-0: Swinging Strike
1-1: Foul Ball, location: 2F
1-2: Ball
2-2: Strikes out looking
Batting: RHB Nick Rainey 0-0: Called Strike
0-1: SINGLE (Line Drive, 6D, EV 96.9 MPH)
Jesus Sanchez to second
Batting: RHB Oscar Hernandez 0-0: Called Strike
0-1: Swinging Strike
0-2: Strikes out swinging
Batting: RHB Rob Marti 0-0: Foul Ball, location: 2F
0-1: Ball
1-1: Foul Ball, location: 2F
1-2: Foul Ball, location: 2F
1-2: Fly out, F7 (Flyball, 78D, EV 103.8 MPH)
Bottom of the 2nd over - 0 runs, 1 hit, 0 errors, 2 left on base; Southern Maryland 0 - Canton 2
TOP OF THE 3RD
Southern Maryland Blue Crabs batting - Pitching for Canton Indians : RHP Tommy Lane
Batting: RHB Adam Cooper 0-0: Called Strike
0-1: Ball
1-1: Called Strike
1-2: Ball
2-2: Strikes out swinging
Batting: RHB Eddie Morin 0-0: Ground out 6-3 (Groundball, 6, EV 84.4 MPH)
Batting: RHB Oscar Chapa 0-0: Ball
1-0: Called Strike
1-1: Ball
2-1: Foul Ball, location: 2F
2-2: Strikes out swinging
Top of the 3rd over - 0 runs, 0 hits, 0 errors, 0 left on base; Southern Maryland 0 - Canton 2
BOTTOM OF THE 3RD
Canton Indians batting - Pitching for Southern Maryland Blue Crabs : RHP John Poapst
Batting: LHB Jason Kessler 0-0: Called Strike
0-1: Foul Ball, location: 2F
0-2: Strikes out swinging
Batting: RHB David Haas 0-0: Foul Ball, location: 2F
0-1: SINGLE (Groundball, 56D, EV 108.1 MPH)
Batting: RHB Ryan Paquette 0-0: Grounds into double play, 6-4-3 (Groundball, 6, EV 83.1 MPH)
Bottom of the 3rd over - 0 runs, 1 hit, 0 errors, 0 left on base; Southern Maryland 0 - Canton 2
TOP OF THE 4TH
Southern Maryland Blue Crabs batting - Pitching for Canton Indians : RHP Tommy Lane
Pitching: LHP Marco Atilano
Batting: RHB Imbart van Rens 0-0: Ground out 5-3 (Groundball, 56, EV 110.6 MPH)
Batting: RHB Dou-wan Pan 0-0: Foul Ball, location: 2F
0-1: Ball
1-1: SINGLE (Groundball, 6MD, EV 109.4 MPH)
Batting: RHB Josh Kurth 0-0: Swinging Strike
0-1: Fly out, F8 (Flyball, 8RS, EV 86.9 MPH)
Batting: RHB Hsui-chen Yang 0-0: Ball
1-0: Called Strike
1-1: Ball
2-1: Ball
3-1: Fly out, F9 (Flyball, 9D, EV 81.2 MPH)
Top of the 4th over - 0 runs, 1 hit, 0 errors, 1 left on base; Southern Maryland 0 - Canton 2
BOTTOM OF THE 4TH
Canton Indians batting - Pitching for Southern Maryland Blue Crabs : RHP John Poapst
Batting: RHB Giuliano Giacoletti Jr. 0-0: Ball
1-0: Ball
2-0: Ball
3-0: Base on Balls
Batting: RHB Jesus Sanchez 0-0: Fly out, F7 (Flyball, 78S, EV 89.4 MPH)
Batting: SHB Jose Abreu 0-0: Ball
1-0: Fielders Choice at 2nd, 6-4 (Groundball, 56, EV 89.4 MPH)
Batting: RHB Nick Rainey 0-0: Foul Ball, location: 2F
0-1: Fielders Choice at 2nd, 6-4 (Groundball, 6, EV 82.5 MPH)
Bottom of the 4th over - 0 runs, 0 hits, 0 errors, 1 left on base; Southern Maryland 0 - Canton 2
TOP OF THE 5TH
Southern Maryland Blue Crabs batting - Pitching for Canton Indians : LHP Marco Atilano
Batting: RHB Josh Ludwig 0-0: DOUBLE (Flyball, 89D, EV 99.4 MPH) - OUT at third base trying to stretch hit.
Batting: RHB John Lowe 0-0: Called Strike
0-1: Ball
1-1: Called Strike
1-2: SINGLE (Line Drive, 7S, EV 83.8 MPH)
Batting: RHB Adam Cooper 0-0: Ball
1-0: Grounds into double play, 6-4-3 (Groundball, 6S, EV 90.0 MPH)
Top of the 5th over - 0 runs, 2 hits, 0 errors, 0 left on base; Southern Maryland 0 - Canton 2
BOTTOM OF THE 5TH
Canton Indians batting - Pitching for Southern Maryland Blue Crabs : RHP John Poapst
Batting: RHB Oscar Hernandez 0-0: Fly out, F8 (Flyball, 78M, EV 86.9 MPH)
Batting: RHB Rob Marti 0-0: Ball
1-0: Foul Ball, location: 2F
1-1: Foul Ball, location: 2F
1-2: Foul Ball, location: 2F
1-2: Ball
2-2: Ball
3-2: Foul Ball, location: 2F
3-2: Foul Ball, location: 2F
3-2: Fly out, F7 (Flyball, 7S, EV 76.2 MPH)
Batting: LHB Jason Kessler 0-0: Swinging Strike
0-1: Ball
1-1: Foul Ball, location: 2F
1-2: SINGLE (Line Drive, 8LS, EV 101.9 MPH)
Batting: RHB David Haas Balk!
Jason Kessler to second
0-0: Called Strike
0-1: Called Strike
0-2: Foul Ball, location: 2F
0-2: Strikes out swinging
Bottom of the 5th over - 0 runs, 1 hit, 0 errors, 1 left on base; Southern Maryland 0 - Canton 2
TOP OF THE 6TH
Southern Maryland Blue Crabs batting - Pitching for Canton Indians : LHP Marco Atilano
Batting: RHB Eddie Morin 0-0: Called Strike
0-1: Ball
1-1: Swinging Strike
1-2: Foul Ball, location: 2F
1-2: Strikes out looking
Batting: RHB Oscar Chapa 0-0: Ball
1-0: Called Strike
1-1: Foul Ball, location: 2F
1-2: Strikes out swinging
Batting: RHB Imbart van Rens 0-0: Called Strike
0-1: Ball
1-1: Called Strike
1-2: Ball
2-2: Ground out 3-1 (Groundball, 34S, EV 79.4 MPH)
Top of the 6th over - 0 runs, 0 hits, 0 errors, 0 left on base; Southern Maryland 0 - Canton 2
BOTTOM OF THE 6TH
Canton Indians batting - Pitching for Southern Maryland Blue Crabs : RHP John Poapst
Batting: RHB Ryan Paquette 0-0: Called Strike
0-1: Ball
1-1: Ball
2-1: Ball
3-1: Foul Ball, location: 2F
3-2: Strikes out swinging
Batting: RHB Giuliano Giacoletti Jr. 0-0: Ball
1-0: Ball
2-0: Ball
3-0: Called Strike
3-1: Fly out, F8 (Flyball, 8LD, EV 100.0 MPH)
Batting: RHB Jesus Sanchez 0-0: Ball
1-0: DOUBLE (Line Drive, 7LM, EV 95.6 MPH)
Batting: SHB Jose Abreu 0-0: Ground out 6-3 (Groundball, 6M, EV 82.5 MPH)
Bottom of the 6th over - 0 runs, 1 hit, 0 errors, 1 left on base; Southern Maryland 0 - Canton 2
TOP OF THE 7TH
Southern Maryland Blue Crabs batting - Pitching for Canton Indians : LHP Marco Atilano
Batting: RHB Dou-wan Pan 0-0: SINGLE (Groundball, 56D, EV 98.1 MPH)
Batting: RHB Josh Kurth 0-0: Ball
1-0: Ball
2-0: Foul Ball, location: 2F
2-1: Foul Ball, location: 2F
2-2: Strikes out looking
Pitching: RHP Steve Child
Batting: RHB Hsui-chen Yang Pickoff Throw to First - Out! 1-3
0-0: Ball
1-0: Swinging Strike
1-1: Swinging Strike
1-2: Strikes out looking
Top of the 7th over - 0 runs, 1 hit, 0 errors, 0 left on base; Southern Maryland 0 - Canton 2
BOTTOM OF THE 7TH
Canton Indians batting - Pitching for Southern Maryland Blue Crabs : RHP John Poapst
Batting: RHB Nick Rainey 0-0: Ball
1-0: DOUBLE (Line Drive, 78M, EV 109.4 MPH)
Batting: RHB Oscar Hernandez 0-0: Called Strike
0-1: Swinging Strike
0-2: Ball
1-2: Fly out, F8 (Flyball, 78D, EV 88.8 MPH)
Batting: RHB Rob Marti 0-0: Intentional Walk
Batting: LHB Jason Kessler 0-0: Ball
1-0: Called Strike
1-1: SINGLE (Flyball, 8LS, EV 98.1 MPH)
Nick Rainey to third
Rob Marti to second
Batting: RHB David Haas 0-0: Called Strike
0-1: Called Strike
0-2: Ball
1-2: Strikes out swinging
Batting: RHB Ryan Paquette 0-0: Called Strike
0-1: Ball
1-1: Ball
2-1: Fielders Choice at 2nd, 5-4 (Groundball, 5, EV 78.8 MPH)
Bottom of the 7th over - 0 runs, 2 hits, 0 errors, 3 left on base; Southern Maryland 0 - Canton 2
TOP OF THE 8TH
Southern Maryland Blue Crabs batting - Pitching for Canton Indians : RHP Steve Child
Pinch Hitting: RHB Mike Trueblood 0-0: Ball
1-0: Ball
2-0: Called Strike
2-1: Foul Ball, location: 2F
2-2: Ball
3-2: Base on Balls
Pinch Hitting: LHB Stu Proulx 0-0: Called Strike
0-1: Ball
1-1: Swinging Strike
1-2: Ball
2-2: Strikes out swinging
Pinch Hitting: SHB John Hiles 0-0: Called Strike
0-1: Ball
1-1: Ball
2-1: Called Strike
2-2: Ball
3-2: Strikes out swinging
Batting: RHB Eddie Morin 0-0: Called Strike
0-1: Fly out, F9 (Flyball, 9D, EV 84.4 MPH)
Top of the 8th over - 0 runs, 0 hits, 0 errors, 1 left on base; Southern Maryland 0 - Canton 2
BOTTOM OF THE 8TH
Canton Indians batting - Pitching for Southern Maryland Blue Crabs : RHP John Poapst
Now at 1B: John Hiles
Now in LF: Tyler Hawkins
Now in RF: Stu Proulx
Batting: RHB Giuliano Giacoletti Jr. 0-0: Foul Ball, location: 2F
0-1: Ball
1-1: Ball
2-1: Ground out 5-3 (Groundball, 56, EV 98.8 MPH)
Pitching: LHP Jeff Conti
Batting: RHB Jesus Sanchez 0-0: Foul Ball, location: 2F
0-1: Called Strike
0-2: Fly out, F7 (Flyball, 7, EV 88.8 MPH)
Batting: SHB Jose Abreu 0-0: Ball
1-0: Ball
2-0: Ball
3-0: Called Strike
3-1: Ground out U3 (Groundball, 3, EV 104.4 MPH)
Bottom of the 8th over - 0 runs, 0 hits, 0 errors, 0 left on base; Southern Maryland 0 - Canton 2
TOP OF THE 9TH
Southern Maryland Blue Crabs batting - Pitching for Canton Indians : RHP Steve Child
Pitching: RHP Abdul-Wadud Mazin
Batting: RHB Oscar Chapa 0-0: Ball
1-0: Ball
2-0: Foul Ball, location: 2F
2-1: SINGLE (Flyball, 3D, EV 91.9 MPH)
Batting: RHB Imbart van Rens 0-0: Ball
1-0: Fly out, F9 (Flyball, 89S, EV 87.5 MPH)
Batting: RHB Dou-wan Pan 0-0: Ball
1-0: Ball
2-0: Called Strike
2-1: Swinging Strike
2-2: Strikes out swinging
Batting: RHB Josh Kurth 0-0: Ball
1-0: Swinging Strike
1-1: Called Strike
1-2: Ball
2-2: Ball
3-2: Strikes out swinging
Top of the 9th over - 0 runs, 1 hit, 0 errors, 1 left on base; Southern Maryland 0 - Canton 2
Sunday, July 16th , 2023 - OOTP Baseball 24.6 Build 69